 Dungeon Crawl Stone Soup version 0.28-a0-1594-ga885d4b3d6 (webtiles) character file.

Game seed: 8785089521627524998

52 issech the Ducker (level 3, -3/36 HPs)
             Began as a Troll Fighter on Jan 21, 2022.
             Killed by nerve-wracking pain
             ... invoked by Grinder
              (5 damage)
             ... on level 3 of the Dungeon.
             The game lasted 00:05:38 (1460 turns).

issech the Ducker (Troll Fighter)                   Turns: 1460, Time: 00:05:39

Health: -3/36      AC:  4    Str: 24    XL:     3   Next: 60%
Magic:  2/2        EV:  9    Int:  4    God:
Gold:   35         SH:  7    Dex: 11    Spells: 2/2 levels left

rFire   . . .      SeeInvis .   a - +0 flail
rCold   . . .      Faith    .   c - +0 kite shield
rNeg    . . .      Spirit   .   b - +0 robe
rPois   .          Reflect  .   (helmet restricted)
rElec   .          Harm     .   (no cloak)
rCorr   .          Rampage  .   (gloves unavailable)
Will    .....                   (boots unavailable)
Stlth   +.........              (no amulet)
HPRegen 0.92/turn               (no ring)
MPRegen 0.08/turn               (no ring)

@: no status effects
A: large, unfitting armour, claws 3, regeneration 1, shaggy fur 1, tough skin 1
a: no special abilities


You were on level 3 of the Dungeon.
You visited 1 branch of the dungeon, and saw 3 of its levels.

You collected 35 gold pieces.

Inventory:

Hand Weapons
 a - a +0 flail (weapon)
 m - a +0 hunting sling
 o - a +0 whip
Missiles
 g - 98 stones (quivered)
 k - 18 arrows
Armour
 b - a +0 robe (worn)
 c - a +0 kite shield (worn)
Scrolls
 f - 2 scrolls of teleportation {unknown}
 i - 2 scrolls of identify {unknown}
 l - a scroll of noise {unknown}
Potions
 d - a potion of might
 e - a potion of haste {unknown}
 h - a potion of resistance {unknown}
 j - a potion of attraction {unknown}
 n - a potion of brilliance {unknown}


   Skills:
 + Level 2.8 Fighting
 + Level 2.4 Maces & Flails
 + Level 2.8 Dodging
 + Level 2.7 Shields


You had 2 spell levels left.
You didn't know any spells.
Your spell library contained the following spells:

 Spells                   Type           Power      Damage    Failure   Level
 Foxfire                  Conj/Fire      0%         2x1d4     80%         1
 Conjure Flame            Conj/Fire      0%         6-21      99%         3
 Inner Flame              Hex/Fire       0%         N/A       99%         3
 Summon Guardian Golem    Hex/Summ       0%         N/A       99%         3
 Flame Wave               Conj/Fire      0%         2d4       100%        4
 Orb of Destruction       Conj           0%         9d5       100%        7
 Spellforged Servitor     Conj/Summ      0%         N/A       100%        7


Dungeon Overview and Level Annotations

Branches:
Dungeon (3/15)

Altars:
Sif Muna

Annotations:
D:3 Grinder


Innate Abilities, Weirdness & Mutations

You are too large for most types of armour.
You have claws for hands.
Your natural rate of healing is unusually fast.
You are covered in fur. (AC +1)
You have tough skin. (AC +1)


Message History

You sock the dart slug!
You kill the dart slug!
Found a stone staircase leading down.
A kobold comes into view. It is wielding a +0 short sword.
Found a stone staircase leading up.
Grinder comes into view.
She is carrying a wand of flame (4).
Found a robe.
Grinder shouts!
You hear a shout!
You sock Grinder!
Grinder is moderately wounded.
Grinder blinks!
Grinder gestures at you.
You barely resist.
Grinder zaps a wand.
The puff of flame hits you!
You barely miss Grinder.
Grinder is moderately wounded.
Grinder barely misses you. The kobold hits you but does no damage.
Grinder hits you!
You writhe in agony.
You barely miss Grinder.
Grinder is lightly wounded.
You block the kobold's attack. Grinder barely misses you.
The kobold hits you with a +0 short sword.
You hit Grinder.
Grinder is moderately wounded.
Grinder hits you! You block the kobold's attack.
You closely miss Grinder.
Grinder is moderately wounded.
Grinder gestures at you. Pain shoots through your body!
The kobold hits you but does no damage.
Grinder zaps a wand.
The puff of flame hits you!
* * * LOW HITPOINT WARNING * * *
The kobold hits you with a +0 short sword.
* * * LOW HITPOINT WARNING * * *
Grinder zaps a wand.
The puff of flame hits you.
* * * LOW HITPOINT WARNING * * *
The kobold barely misses you.
There is a stone staircase leading down here.
Grinder gestures at you. Pain shoots through your body!
You die...

## ##### ... ##...
##.. ...
.....##.####.......
#........[......
####.####.......
########K# .....#
.<.....@.# #.....#
###.####5#####.#...#
#...........#
#...........# ##
#.###.....#.# .. #.#
#....>#.# #. #.#
#.....#.# #. #.#
##....#.# #. #.#
##.#.#.####.


You could see Grinder and a kobold.

Vanquished Creatures
  2 dart slugs
  A ball python (D:1)
  2 bats
  6 endoplasms
  2 giant cockroaches (D:1)
  4 goblins
  4 hobgoblins
  7 jackals
  5 kobolds
  A quokka (D:2)
  3 frilled lizards
  2 rats
39 creatures vanquished.

Notes
Turn   | Place    | Note
-------+----------+-------------------------------------------
     0 | D:1      | issech the Troll Fighter began the quest for the Orb.
     0 | D:1      | Reached XP level 1. HP: 22/22 MP: 0/0
   157 | D:1      | Reached XP level 2. HP: 29/29 MP: 1/1
   551 | D:1      | Reached XP level 3. HP: 35/36 MP: 2/2
   730 | D:2      | Found a shimmering blue altar of Sif Muna.
  1129 | D:2      | Found a faded altar of an unknown god.
  1449 | D:3      | Noticed Grinder
  1459 | D:3      | HP: 1/36 [Grinder/puff of flame (4)]
  1460 | D:3      | Killed from afar by Grinder

Illustrated notes

Levels and vault maps discovered:
D:1:      lightli_arrival_boilingwater, layout_loops_ring, minmay_distorted
D:2:      layout_loops_ring, basic_altar, shapermc_ecumenical_altar_notcrosses
D:3:      layout_loops_ring, uniq_grinder, uniq_robin

Skill      XL: |  1  2 |
---------------+-------+-----
Maces & Flails | 2 |  2.4
Fighting       | |  2.8
Dodging        | |  2.8
Shields        | |  2.7

Action                   || total
-------------------------++-------
Melee: Flail             ||   113
Armor: Robe              ||    38
Dodge: Dodged            ||    35
Block: Kite shield       ||    44

Table legend: (Time is in decaauts)
 A = Elapsed time spent in this place.
 B = Non-inter-level travel time spent in this place.
 C = Inter-level travel time spent in this place.
 D = Time resting spent in this place.
 E = Time spent auto-exploring this place.
 F = Levels seen in this place.
 G = Mean time per level.
                   A        B        C        D        E       F      G
               +--------+--------+--------+--------+--------+-----+--------+
         Total |   1510 |   1482 |     28 |      0 |    834 |   3 |  503.3 |
       Dungeon |   1510 |   1482 |     28 |      0 |    834 |   3 |  503.3 |
               +--------+--------+--------+--------+--------+-----+--------+

Top non-repeatable levels by time:
     D:1: 752 daAuts
     D:2: 703 daAuts
     D:3: 54 daAuts
